 Dungeon Crawl Stone Soup version 0.21-a0-414-gba8bdf1 (webtiles) character file.

10514 Laiders the Cruncher (level 11, 0/64 HPs)
             Began as a Gargoyle Earth Elementalist on Nov 3, 2017.
             Was a Believer of Vehumet.
             Shot with an arrow by a centaur (5 damage)
             ... on level 11 of the Dungeon.
             The game lasted 00:49:49 (13217 turns).

Laiders the Cruncher (Gargoyle Earth Elementalist) Turns: 13217, Time: 00:49:50

Health: 0/64       AC: 17    Str: 12    XL:     11   Next: 63%
Magic:  23/29      EV: 11    Int: 19    God:    Vehumet [**....]
Gold:   493        SH:  0    Dex: 10    Spells: 13/22 levels left

rFire    . . .     SeeInvis .   J - +3 quarterstaff (chaos)
rCold    . . .     Gourm    .   (shield currently unavailable)
rNeg     + . .     Faith    .   X - +0 troll leather armour
rPois    ∞         Spirit   .   p - +0 helmet
rElec    +         Reflect  .   v - +1 cloak
rCorr    .         Harm     .   x - +0 pair of gloves
MR       .....                  N - +0 pair of boots
Stlth    ++........             (no amulet)
HPRegen  0.60/turn              L - ring of wizardry
MPRegen  0.21/turn              K - ring of magical power

@: no status effects
A: negative energy resistance 1, electricity resistance, unbreathing,
petrification resistance, rot immunity, AC +8
a: Renounce Religion


You were on level 11 of the Dungeon.
You worshipped Vehumet.
Vehumet was pleased with you.
You were near starving.

You visited 2 branches of the dungeon, and saw 12 of its levels.

You collected 661 gold pieces.
You spent 168 gold pieces at shops.

Inventory:

Hand Weapons
 J - a +3 quarterstaff of chaos (weapon)
Missiles
 b - 156 stones (quivered)
Armour
 n - a +0 buckler
 p - a +0 helmet (worn)
 v - a +1 cloak (worn)
 x - a +0 pair of gloves (worn)
 N - a +0 pair of boots (worn)
 X - a +0 troll leather armour (worn)
Jewellery
 i - an uncursed ring of protection from cold
 K - a ring of magical power (right hand)
 L - a ring of wizardry (left hand)
 O - an uncursed ring of flight
Wands
 g - a wand of paralysis (9/24)
 s - a wand of digging (12/24)
 F - a wand of disintegration (15/24)
 T - a wand of iceblast (6/15)
 Y - a wand of acid (11/15)
Scrolls
 c - a scroll of identify
 f - 3 scrolls of enchant weapon
 j - a scroll of fog
 o - 4 scrolls of remove curse
 q - a scroll of recharging {unknown}
 w - 2 scrolls of amnesia
 y - 4 scrolls of teleportation
 C - a scroll of brand weapon {unknown}
 G - 2 scrolls of enchant armour
 Q - a scroll of acquirement {unknown}
 R - a scroll of magic mapping {unknown}
 Z - a scroll of fear {unknown}
Potions
 a - 2 potions of brilliance
 h - 5 potions of curing
 l - 2 potions of might
 m - 3 potions of magic
 r - 3 potions of flight
 t - 2 potions of mutation
 u - 2 potions of cancellation
 B - a potion of degeneration {unknown}
 P - a potion of resistance {unknown}
 S - a potion of lignification {unknown}
 U - a potion of ambrosia {unknown}
Books
 e - a book of Geomancy

   Spells                             Type                      Level
   a - Sandblast                      Earth                        1
   b - Passwall                       Transmutation/Earth          2
   c - Stone Arrow                    Conjuration/Earth            3
   d - Petrify                        Transmutation/Earth          4
   e - Lee's Rapid Deconstruction     Earth                        5
 I - a book of Conjurations

   Spells                             Type                      Level
   a - Magic Dart                     Conjuration                  1
   b - Searing Ray                    Conjuration                  2
   c - Dazzling Spray                 Conjuration/Hexes            3
   d - Fulminant Prism                Conjuration/Hexes            4
   e - Force Lance                    Conjuration/Translocation    4
   f - Iskenderun's Mystic Blast      Conjuration                  4
 W - a book of Callings

   Spells                             Type                      Level
   a - Summon Small Mammal            Summoning                    1
   b - Call Imp                       Summoning                    2
   c - Call Canine Familiar           Summoning                    3
   d - Summon Guardian Golem          Hexes/Summoning              3
   e - Summon Lightning Spire         Summoning/Air                4
   f - Summon Ice Beast               Ice/Summoning                4
Comestibles
 d - 7 bread rations
 z - 9 fruits
 D - 4 meat rations
 M - 6 royal jellies


   Skills:
 - Level 6.2 Fighting
   Level 2.0(8.6) Maces & Flails
 + Level 12.8 Staves
 - Level 1.5 Dodging
 - Level 2.1 Stealth
 - Level 4.0 Shields
 - Level 6.0 Spellcasting
 - Level 6.2 Conjurations
   Level 0.7 Transmutations
 - Level 7.0 Earth Magic


You had 13 spell levels left.
You knew the following spells:

 Your Spells              Type           Power        Failure   Level  Hunger
a - Sandblast             Erth           ####..       1%          1    None
b - Stone Arrow           Conj/Erth      ####..       1%          3    ##.....
c - Lee's Rapid Deconstr  Erth           ####......   9%          5    #####..


Dungeon Overview and Level Annotations

Branches:
Dungeon (11/15)            Temple (1/1) D:7            Lair (0/6) D:9
    Orc: D:9-12

Altars:
Ashenzari
Cheibriados
Fedhas
Gozag
Hepliaklqana
Kikubaaqudgha
Makhleb
Nemelex Xobeh
Okawaru
Qazlal
Sif Muna
Trog
Uskayaw
Vehumet
Wu Jian
Xom
Zin
The Shining One

Shops:
D:4 !   D:10 ?

Annotations:
D:11 zorance's ghost, journeyman MfGl


Innate Abilities, Weirdness & Mutations

You are resistant to torment.
Your stone body is resilient. (AC +8)
You are immune to poison.
You resist negative energy. (rN+)
You are resistant to electric shocks. (rElec)
You can survive without breathing.
You are immune to petrification.
You are immune to rotting.


Message History

Confirm with . or Enter, or press ? or * to list all spells.
Aiming: Stone Arrow
Press: ? - help, Shift-Dir - straight line, f/p - white ugly thing
Aim: a white ugly thing (moderately wounded)
The stone arrow hits the white ugly thing.
The white ugly thing is heavily wounded.
The white ugly thing stings you. The white ugly thing freezes you!!
* * * LOW HITPOINT WARNING * * *
A centaur comes into view.
Okay, then.
Okay, then.
Okay, then.
The white ugly thing closely misses you.
There is an open door here.
The centaur shoots an arrow.
The arrow hits you.
* * * LOW HITPOINT WARNING * * *
You see here an arrow.
There is an open door here.
The centaur shoots an arrow.
The arrow hits you.
You die...

# ######## ####### .
#......# #.....# . #......#
#.....# ####.
#......########.....# #..T.
#..........@.u#.....####.##.
#......######.c(...c'c.cZ# .
#......# ###.....###### .
#......# #.....# . #......#
#.....# . ##.##### ##+#### .
#.# . #.## #..###


You could see a white ugly thing and a centaur.

Vanquished Creatures
  The ghost of torrenera the Cleaver, a novice DDFi of Makhleb (D:10)
  2 two-headed ogres
  Pikel (D:6)
  Maurice (D:8)
  A troll (D:10)
  6 slime creatures (D:10)
  A hippogriff (D:9)
  3 hogs (D:7)
  A yak (D:7)
  Eustachio (D:5)
  A human (D:7)
  A hungry ghost (D:10)
  Menkaure (D:5)
  2 orc warriors
  2 ice beasts
  2 phantoms
  3 sky beasts
  4 ogres
  3 centaurs
  A big kobold (D:9)
  6 bullfrogs
  A water moccasin zombie (D:8)
  3 scorpions
  4 killer bees (D:8)
  3 wights (D:9)
  8 howler monkeys
  5 crimson imps
  6 hounds
  A quasit (D:3)
  4 centaur zombies
  A jelly (D:8)
  3 bullfrog skeletons
  A bullfrog zombie (D:5)
  3 orc priests
  Crazy Yiuf (D:5)
  2 centaur skeletons
  An iguana (D:8)
  9 worker ants
  8 orc wizards
  A killer bee zombie (D:5)
  A howler monkey zombie (D:10)
  14 gnolls
  13 adders
  2 shadow imps
  3 oozes
  3 adder zombies
  A dart slug (D:1)
  3 leopard geckos
  28 orcs
  8 giant cockroaches
  8 goblins
  11 hobgoblins
  9 jackals
  3 quokkas
  6 bats
  5 frilled lizards
  A giant cockroach zombie (D:5)
  20 kobolds
  2 leopard gecko skeletons
  3 quokka skeletons
  A quokka zombie (D:8)
  9 rats
  A plant (D:5)
264 creatures vanquished.

Vanquished Creatures (others)
  A slave (D:8)
  2 howler monkeys (D:8)
  An iguana (D:6)
  A gnoll (D:8)
  A leopard gecko (D:6)
6 creatures vanquished.

Grand Total: 270 creatures vanquished

Notes
Turn   | Place    | Note
-------+----------+-------------------------------------------
     0 | D:1      | Laiders the Gargoyle Earth Elementalist began the quest for the Orb.
     0 | D:1      | Reached XP level 1. HP: 10/10 MP: 3/3
   241 | D:1      | Reached XP level 2. HP: 15/15 MP: 1/5
   544 | D:1      | Reached XP level 3. HP: 18/19 MP: 4/6
   673 | D:1      | Learned a level 3 spell: Stone Arrow
  1235 | D:1      | Found a deep blue altar of Sif Muna.
  1399 | D:2      | Reached XP level 4. HP: 18/24 MP: 2/8
  1856 | D:2      | Reached skill level 5 in Earth Magic
  2474 | D:3      | Found a transporter.
  2474 | D:3      | Noticed a bullfrog
  2479 | D:3      | Found a transporter.
  2491 | D:3      | Found a blossoming altar of Fedhas.
  2491 | D:3      | Found a deep blue altar of Sif Muna.
  2575 | D:3      | Noticed a bullfrog
  2584 | D:3      | Killed a bullfrog
  2584 | D:3      | Reached XP level 5. HP: 13/28 MP: 7/10
  2591 | D:3      | Learned a level 5 spell: Lee's Rapid Deconstruction
  3677 | D:3      | Reached XP level 6. HP: 27/32 MP: 6/12
  3965 | D:4      | Reached XP level 7. HP: 20/36 MP: 0/14
  4131 | D:4      | Reached skill level 5 in Spellcasting
  4131 | D:4      | Reached skill level 1 in Conjurations
  4138 | D:4      | Found Osyfriga's Distillery.
  5384 | D:4      | Reached XP level 8. HP: 38/41 MP: 13/17
  5483 | D:5      | Entered Level 5 of the Dungeon
  5492 | D:5      | You fall through a shaft!
  5891 | D:5      | Reached skill level 5 in Conjurations
  6012 | D:5      | Noticed Menkaure
  6016 | D:5      | Killed Menkaure
  6355 | D:5      | Reached skill level 1 in Fighting
  6355 | D:5      | Reached skill level 1 in Shields
  6459 | D:5      | Noticed Eustachio
  6463 | D:5      | Killed Eustachio
  6463 | D:5      | Reached skill level 1 in Maces & Flails
  6617 | D:5      | Got a scorched mace
  6618 | D:5      | Identified the +6 mace "Siafoqet" {venom, *Slow +Rage MP+9 Str+6} (You found it on level 5 of the Dungeon)
  6768 | D:5      | Found a runed door.
  6787 | D:5      | Noticed Crazy Yiuf
  6793 | D:5      | Killed Crazy Yiuf
  7125 | D:6      | Reached skill level 1 in Staves
  7148 | D:6      | Reached XP level 9. HP: 49/49 MP: 5/18
  7286 | D:6      | Noticed Pikel
  7296 | D:6      | Killed Pikel
  7296 | D:6      | Reached skill level 2 in Staves
  7433 | D:6      | Reached skill level 3 in Staves
  8184 | D:6      | Reached skill level 5 in Fighting
  8323 | D:7      | Reached skill level 4 in Staves
  8745 | D:7      | Reached skill level 5 in Staves
  8749 | D:7      | Reached XP level 10. HP: 52/60 MP: 1/19
  8753 | D:7      | Reached skill level 6 in Staves
  9135 | D:7      | Found a staircase to the Ecumenical Temple.
  9146 | Temple   | Entered the Ecumenical Temple
  9159 | Temple   | Became a worshipper of Vehumet
  9374 | D:8      | Noticed a two-headed ogre
  9381 | D:8      | Killed a two-headed ogre
  9381 | D:8      | Reached skill level 7 in Staves
  9585 | D:8      | Reached skill level 8 in Staves
  9789 | D:8      | Reached * piety under Vehumet
  9789 | D:8      | Offered knowledge of Freeze by Vehumet.
  9979 | D:8      | Noticed Maurice
  9992 | D:8      | Reached skill level 9 in Staves
 10213 | D:8      | Killed Maurice
 10300 | D:8      | Found a hazy altar of Hepliaklqana.
 10304 | D:8      | Found a hide-covered altar of Uskayaw.
 10304 | D:8      | Found a sparkling altar of Nemelex Xobeh.
 10304 | D:8      | Found a burning altar of Makhleb.
 10838 | D:9      | Noticed a two-headed ogre
 10843 | D:9      | Killed a two-headed ogre
 10843 | D:9      | Reached skill level 10 in Staves
 10900 | D:9      | Reached XP level 11. HP: 60/64 MP: 12/20
 11241 | D:9      | Found a glowing golden altar of the Shining One.
 11284 | D:9      | Reached skill level 11 in Staves
 11481 | D:9      | Found a staircase to the Lair.
 11957 | D:10     | Entered Level 10 of the Dungeon
 12185 | D:10     | Offered knowledge of Flame Tongue by Vehumet.
 12272 | D:10     | Reached ** piety under Vehumet
 12272 | D:10     | Reached skill level 12 in Staves
 12495 | D:10     | Found Uthykegh's Magic Scroll Shoppe.
 12509 | D:10     | Bought a scroll of identify for 24 gold pieces
 12509 | D:10     | Bought a scroll of enchant armour for 90 gold pieces
 12509 | D:10     | Bought a scroll of immolation for 42 gold pieces
 12509 | D:10     | Bought a scroll of random uselessness for 12 gold pieces
 12631 | D:10     | Noticed torrenera's ghost (novice DDFi)
 12659 | D:10     | Killed torrenera's ghost
 13004 | D:11     | Noticed a manticore
 13004 | D:11     | Noticed a cyclops
 13004 | D:11     | Noticed zorance's ghost (journeyman MfGl)
 13198 | D:11     | Noticed a white ugly thing
 13203 | D:11     | HP: 1/64 [white ugly thing (26)]
 13213 | D:11     | HP: 2/64 [centaur/arrow (5)]
 13217 | D:11     | Shot with an arrow by a centaur

Vault maps used:
D:1:      dpeg_arrival_water_altar
D:3:      gammafunk_temple_overflow_arena, serial_forest,
          infiniplex_forest_clump_small, infiniplex_forest_clump_double,
          infiniplex_forest_pool, infiniplex_forest_end_1,
          infiniplex_forest_lined_room_2, infiniplex_forest_clump_small,
          infiniplex_forest_straight_1, infiniplex_forest_clump_curved
D:4:      serial_shops, shop
D:5:      wad_woods_pond, first_bread, uniq_crazy_yiuf_cottage, uniq_eustachio,
          uniq_menkaure
D:6:      minmay_three_doors, uniq_pikel
D:7:      minmay_temple_entry_glass, grunt_livestock
D:8:      grunt_temple_overflow_open, minmay_misc_feat_secret_circle,
          hangedman_minor_gate_pass, uniq_maurice
D:9:      lair_entry_dummy, basic_altar
D:10:     serial_shops, nicolae_shop_window_shopping
D:11:     orc_0_dummy, uniq_snorg
Temple:   lightli_temple_of_artemis

Skill      XL: |  1  2  3  4  5  6  7  8  9 10 11 |
---------------+----------------------------------+-----
Earth Magic    | 4 5 6 7 |  7.0
Spellcasting   | 3 4 6 |  6.0
Conjurations   | 3 6 |  6.2
Fighting       | 2 6 |  6.2
Shields        | 2 4 |  4.0
Maces & Flails | 2 |  2.0
Staves         | 1 5 10 12 | 12.8
Dodging        | |  1.5
Stealth        | |  2.1
Transmutations | |  0.7

Action                   |  1- 3 |  4- 6 |  7- 9 | 10-12 || total
-------------------------+-------+-------+-------+-------++-------
Melee: Unarmed           |    28 |    37 |       |       ||    65
       Whip              |       |    74 |   124 |       ||   198
       Mace              |       |       |    22 |       ||    22
       Quarterstaff      |       |       |    42 |   188 ||   230
 Cast: Sandblast         |    45 |    42 |    74 |    22 ||   183
       Stone Arrow       |       |     4 |    75 |   128 ||   207
       Lee's Rapid Decon |       |       |     1 |     5 ||     6
  Use: Scroll            |     1 |     6 |     4 |     4 ||    15
       Potion            |       |       |       |     5 ||     5
 Stab: Confused          |       |       |     1 |       ||     1
       Paralysed         |       |       |       |     6 ||     6
  Eat: Chunk             |       |     8 |    16 |    13 ||    37
       Royal jelly       |       |     1 |     1 |     2 ||     4
       Fruit             |       |       |       |     2 ||     2
Armor: Robe              |    26 |    52 |   117 |    78 ||   273
       Troll leather arm |       |       |       |    29 ||    29
Dodge: Dodged            |    41 |    99 |   198 |   141 ||   479

Table legend:
 A = Spawn XP
 B = Non-spawn XP
 C = Spawn XP percentage of total XP
 D = Spawn monster count
 E = Non-spawn monster count
 F = Spawn count percentage of total count
 G = Total turns spent on level
                    A         B        C        D         E        F      G
               +---------+---------+-------+---------+---------+-------+---------
         Total |       0 |   15021 |   0.0 |       0 |     263 |   0.0 | 13217
               +---------+---------+-------+---------+---------+-------+---------
           D:1 |       0 |      66 |   0.0 |       0 |      32 |   0.0 |  1280
           D:2 |       0 |      54 |   0.0 |       0 |      20 |   0.0 |  1094
           D:3 |       0 |     345 |   0.0 |       0 |      21 |   0.0 |  1488
           D:4 |       0 |     766 |   0.0 |       0 |      33 |   0.0 |  1621
           D:5 |       0 |     915 |   0.0 |       0 |      22 |   0.0 |  1478
           D:6 |       0 |    1510 |   0.0 |       0 |      30 |   0.0 |  1356
           D:7 |       0 |    1438 |   0.0 |       0 |      14 |   0.0 |  1019
           D:8 |       0 |    2857 |   0.0 |       0 |      35 |   0.0 |  1362
           D:9 |       0 |    2747 |   0.0 |       0 |      33 |   0.0 |  1232
          D:10 |       0 |    4323 |   0.0 |       0 |      23 |   0.0 |  1140
               +---------+---------+-------+---------+---------+-------+---------
